 Dungeon Crawl Stone Soup version 0.21.1-1-g345015f (webtiles) character file.

219 goulibeur the Distorting Demonspawn (level 5, -4/42 HPs)
             Began as a Demonspawn Abyssal Knight on June 24, 2018.
             Was a Believer of Lugonu.
             Slain by a bullfrog zombie (6 damage)
             ... on level 5 of the Dungeon.
             The game lasted 00:09:54 (4203 turns).

goulibeur the Distorting Demonspawn (DsAK)          Turns: 4203, Time: 00:09:55

Health: -4/42      AC:  5    Str: 12    XL:     5   Next: 63%
Magic:  8/8        EV: 10    Int: 13    God:    Lugonu [**....]
Gold:   191        SH:  4    Dex: 14    Spells: 4/4 levels left

rFire    . . .     SeeInvis .   u - +0 long sword
rCold    . . .     Gourm    .   s - +0 buckler
rNeg     . . .     Faith    .   r - +0 ring mail
rPois    .         Spirit   .   (no helmet)
rElec    .         Reflect  .   (no cloak)
rCorr    .         Harm     .   (no gloves)
MR       .....                  (no boots)
Stlth    +++.......             (no amulet)
HPRegen  0.14/turn              (no ring)
MPRegen  0.11/turn              (no ring)

@: no status effects
A: claws 1, nightstalker 2
a: Depart the Abyss, Bend Space, Renounce Religion


You were on level 5 of the Dungeon.
You worshipped Lugonu.
Lugonu was pleased with you.
You were hungry.

You visited 1 branch of the dungeon, and saw 5 of its levels.
You visited the Abyss 1 time.

You collected 191 gold pieces.

Inventory:

Hand Weapons
 a - a +1 short sword
 i - a -2 hand axe
 u - a +0 long sword (weapon)
Armour
 b - a +0 leather armour
 r - a +0 ring mail (worn)
 s - a +0 buckler (worn)
Jewellery
 j - a +2 amulet of reflection {unknown}
Scrolls
 d - 2 scrolls of remove curse
 g - 2 scrolls of amnesia {unknown}
 k - 3 scrolls of identify {unknown}
 m - a scroll of fear {unknown}
 n - a scroll of noise {unknown}
 t - a scroll of random uselessness {unknown}
 w - a scroll of immolation {unknown}
 x - a scroll of magic mapping {unknown}
Potions
 e - a potion of curing {unknown}
 f - a potion of cancellation {unknown}
 h - a potion of agility {unknown}
 l - a potion of flight {unknown}
 o - a potion of might {unknown}
 p - a potion of lignification {unknown}
 q - a potion of berserk rage {unknown}
Comestibles
 c - 7 rations


   Skills:
 + Level 3.8 Fighting
 - Level 1.7 Short Blades
 + Level 2.7 Armour
 + Level 2.1 Dodging
 + Level 1.3 Shields
 * Level 5.0 Invocations


You had 4 spell levels left.
You didn't know any spells.

Dungeon Overview and Level Annotations

Branches:
Dungeon (5/15)
 Temple: D:4-7

Altars:
Elyvilon
Qazlal
Ru
Vehumet

Annotations:
D:3 Rwicked's ghost, amateur MiBe
D:4 sking99's ghost, amateur MiFi


Innate Abilities, Weirdness & Mutations

You have sharp fingernails.
You are significantly more attuned to the shadows.


Message History

You have reached level 5!
You feel monstrous as your demonic heritage exerts itself.
Your demonic ancestry asserts itself...
Your fingernails lengthen.
You hit the bullfrog zombie but do no damage.
The bullfrog zombie is severely damaged.
You block the bullfrog zombie's attack. The bullfrog zombie misses you.
You hit the bullfrog zombie but do no damage.
The bullfrog zombie is severely damaged.
The bullfrog zombie hits you.
* * * LOW HITPOINT WARNING * * *
The bullfrog zombie barely misses you.
You closely miss the bullfrog zombie.
The bullfrog zombie is severely damaged.
The bullfrog zombie misses you. The bullfrog zombie hits you.
* * * LOW HITPOINT WARNING * * *
Your shield and ring mail prevent you from hitting the bullfrog zombie.
The bullfrog zombie is severely damaged.
The bullfrog zombie hits you.
You die...

..... ..... ...%.
..... .....######
.....Z@...#
##########.#
#........#.#
#.######.#.#
#.##...#.#.# ###
#.##.#.#.#.# #<#
#.##.#.#.#.# #.#
#.##.#.#.#.######
#.#
#.##.#.#........#
#.#


You could see a bullfrog zombie.

Vanquished Creatures
  An ogre (D:5)
  An iguana (D:4)
  A worker ant zombie (D:4)
  2 adders
  An adder skeleton (D:5)
  3 leopard geckos
  2 orcs
  2 ball pythons
  2 giant cockroaches
  6 goblins
  9 hobgoblins
  9 jackals
  8 kobolds
  3 quokkas
  4 bats
  4 frilled lizards (D:1)
  3 rats
61 creatures vanquished.

Notes
Turn   | Place    | Note
-------+----------+-------------------------------------------
     0 | Abyss:1  | goulibeur the Demonspawn Abyssal Knight began the quest for the Orb.
     0 | Abyss:1  | Reached XP level 1. HP: 18/18 MP: 2/2
    76 | Abyss:1  | Noticed a ynoxinul
    77 | D:1      | Escaped the Abyss
    95 | D:1      | Reached skill level 1 in Dodging
   118 | D:1      | Gained mutation: You are slightly more attuned to the shadows. [demonic ancestry]
   118 | D:1      | Reached XP level 2. HP: 18/24 MP: 4/4
   202 | D:1      | Reached * piety under Lugonu
   213 | D:1      | Reached skill level 3 in Invocations
  1255 | D:1      | Gained mutation: You are significantly more attuned to the shadows. [demonic ancestry]
  1255 | D:1      | Reached XP level 3. HP: 25/29 MP: 5/5
  2120 | D:3      | Noticed Rwicked's ghost (amateur MiBe)
  2582 | D:4      | Reached skill level 4 in Invocations
  2766 | D:4      | Found a white marble altar of Elyvilon.
  2769 | D:4      | Found a stormy altar of Qazlal.
  2771 | D:4      | Found a sacrificial altar of Ru.
  2774 | D:4      | Found a faded altar of an unknown god.
  2778 | D:4      | Found a radiant altar of Vehumet.
  2911 | D:4      | Reached XP level 4. HP: 15/35 MP: 7/7
  3885 | D:4      | Reached ** piety under Lugonu
  3889 | D:4      | Noticed sking99's ghost (amateur MiFi)
  3947 | D:5      | Entered Level 5 of the Dungeon
  4185 | D:5      | Noticed an ogre
  4199 | D:5      | Killed an ogre
  4199 | D:5      | Reached skill level 1 in Shields
  4199 | D:5      | Reached skill level 5 in Invocations
  4199 | D:5      | Gained mutation: You have sharp fingernails. [demonic ancestry]
  4199 | D:5      | Reached XP level 5. HP: 10/42 MP: 8/8
  4202 | D:5      | HP: 2/42 [bullfrog zombie (4)]
  4203 | D:5      | Slain by a bullfrog zombie

Skill      XL: |  1  2  3  4 |
---------------+-------------+-----
Dodging        | 1 2 |  2.1
Armour         | 2 |  2.7
Invocations    | 3 4 5 |  5.0
Shields        | 1 |  1.3
Fighting       | |  3.8
Short Blades   | |  1.7

Action                   |  1- 3 |  4- 6 || total
-------------------------+-------+-------++-------
Melee: Short sword       |   173 |    19 ||   192
       Hand axe          |    12 |       ||    12
       Long sword        |       |    52 ||    52
Invok: Depart the Abyss  |     1 |       ||     1
  Use: Scroll            |     1 |       ||     1
 Stab: Sleeping          |     7 |     2 ||     9
       Distracted        |     1 |     1 ||     2
  Eat: Chunk             |     6 |     4 ||    10
Armor: Leather armour    |    54 |       ||    54
       Ring mail         |     5 |    24 ||    29
Dodge: Dodged            |   121 |    44 ||   165
Block: Buckler           |     5 |    21 ||    26
       Rpst.: Long sword |       |     8 ||     8
